 Dungeon Crawl Stone Soup version 0.20.1-1-g8b1a95d (webtiles) character file.

1930 vatarom the Summoner (level 9, -2/62 HPs)
             Began as a Merfolk Summoner on Sept 12, 2017.
             Was a Follower of Ashenzari.
             Slain by a meliai zombie (11 damage)
             ... on level 8 of the Dungeon.
             The game lasted 00:14:49 (6591 turns).

vatarom the Summoner (Merfolk Summoner)             Turns: 6591, Time: 00:14:49

Health: -2/62      AC:  3    Str:  8    XL:     9   Next: 17%
Magic:  8/17       EV: 13    Int: 19    God:    Ashenzari [*.....]
Gold:   450        SH:  0    Dex: 15    Spells: 5/19 levels left

rFire    . . .     SeeInvis .   u - +0 bardiche
rCold    . . .     Gourm    .   (shield currently unavailable)
rNeg     . . .     Faith    .   a - +1 robe
rPois    .         Spirit   .   (no helmet)
rElec    .         Reflect  .   (no cloak)
rCorr    .         Harm     .   (no gloves)
MR       .....                  (no boots)
Stlth    ++........             (no amulet)
Regen    0.2/turn               h - +2 ring of intelligence (curse)
MPRegen  0.2/turn               (no ring)

@: about to teleport
A: change form in water, swift swim, stealthy swim
a: Curse Item, Scrying, Renounce Religion


You were on level 8 of the Dungeon.
You worshipped Ashenzari.
Ashenzari was aware of your devotion.
You were not hungry.

You visited 1 branch of the dungeon, and saw 8 of its levels.

You collected 450 gold pieces.

Inventory:

Hand Weapons
 d - a +4 mace of protection
 e - a +0 halberd
 u - a +0 bardiche (weapon)
Armour
 a - a +1 robe (worn)
 m - a +0 leather armour
Jewellery
 h - a cursed +2 ring of intelligence (left hand)
Wands
 g - a wand of iceblast (2/15)
 j - a wand of paralysis (8/24)
 k - a wand of paralysis (14/24)
 n - a wand of disintegration (8/24)
Scrolls
 f - 3 scrolls of teleportation
 i - a scroll of identify
 p - 2 scrolls of amnesia
 x - a scroll of enchant armour
Potions
 l - a potion of flight
 q - a potion of curing
 r - a potion of ambrosia
 w - a potion of invisibility
Books
 b - a book of Callings

   Spells                             Type                      Level
   a - Summon Small Mammal            Summoning                    1
   b - Call Imp                       Summoning                    2
   c - Call Canine Familiar           Summoning                    3
   d - Summon Guardian Golem          Hexes/Summoning              3
   e - Summon Lightning Spire         Summoning/Air                4
   f - Summon Ice Beast               Ice/Summoning                4
 t - a book of Minor Magic

   Spells                             Type                      Level
   a - Magic Dart                     Conjuration                  1
   b - Blink                          Translocation                2
   c - Call Imp                       Summoning                    2
   d - Slow                           Hexes                        2
   e - Conjure Flame                  Conjuration/Fire             3
   f - Mephitic Cloud                 Conjuration/Poison/Air       3
Comestibles
 c - 6 bread rations
 s - a royal jelly
 v - a meat ration


   Skills:
 - Level 2.9 Fighting
 + Level 4.1 Polearms
 - Level 2.6 Dodging
 - Level 2.1 Stealth
 + Level 5.7 Spellcasting
 * Level 9.2 Summonings
 - Level 2.8 Ice Magic
 - Level 1.7 Air Magic


You had 5 spell levels left.
You knew the following spells:

 Your Spells              Type           Power        Failure   Level  Hunger
a - Summon Small Mammal   Summ           ####         1%          1    None
b - Call Imp              Summ           #####...     1%          2    None
c - Call Canine Familiar  Summ           #####...     1%          3    ##.....
d - Summon Ice Beast      Ice/Summ       ####....     10%         4    ####...
e - Summon Lightning Spi  Summ/Air       ####....     12%         4    ####...


Dungeon Overview and Level Annotations

Branches:
Dungeon (8/15)
 Temple: D:4-7         Lair: D:8-11

Altars:
Ashenzari
Dithmenos
Fedhas
Qazlal
Vehumet
Xom

Shops:
D:5 ?

Annotations:
D:4 Enish's ghost, amateur HuWn
D:7 2 runed doors, exclusion: orange crystal statue


Message History

Your ice beast hits the meliai zombie.
Your ice beast freezes the meliai zombie.
The meliai zombie resists.
Your ice beast hits the hellwing but does no damage.
The meliai zombie hits you!
* * * LOW HITPOINT WARNING * * *
The meliai zombie closely misses you.
As you read the scroll of teleportation, it crumbles to dust.
You feel strangely unstable.
The wyvern zombie barely misses your ice beast.
The meliai zombie misses you. The meliai zombie hits you.
* * * LOW HITPOINT WARNING * * *
Your ice beast hits the wyvern skeleton.
Your ice beast freezes the wyvern skeleton.
The wyvern skeleton resists.
The wyvern zombie completely misses your ice beast.
You feel better. The meliai zombie hits you.
* * * LOW HITPOINT WARNING * * *
The meliai zombie closely misses you. The meliai zombie hits you!
You die...

...## #......... ....#
##4........ ....####
#..####.... #).....######
##5## #... #..#####....##
#..# ..# ..## #......###
##.Z# ## .##
#...##...###.Y###### ..#
###...####:.##Z........
..###.......###.@Z4...####.
#..#.....:...####.#####
#....##..#....###.#
##.####..###......## #.##
##.# ###...#.## .. #.#
#...##.## ## #.#
#....###.##### #.#
##....##.....# ###
###..########


You could see a hellwing, a wyvern zombie, a meliai zombie, a wyvern skeleton
and a friendly ice beast.

Vanquished Creatures
  An ice beast (D:7)
  A killer bee (D:8)
  A crimson imp (D:6)
  A bullfrog skeleton (D:8)
  Ijyb (D:5)
  2 worker ants (D:6)
  2 orc wizards
  6 adders
  2 gnolls (D:3)
  A worm (D:6)
  A leopard gecko (D:2)
  4 orcs
  3 bats
  2 giant cockroaches (D:6)
  3 hobgoblins
  3 jackals (D:5)
  3 kobolds
  2 quokkas
  2 ball pythons (D:1)
  A frilled lizard (D:1)
  2 goblins
  A rat (D:6)
45 creatures vanquished.

Vanquished Creatures (collateral kills)
  A two-headed ogre (D:8)
  The ghost of Chisa the Quickloader, a novice DsHu (D:7)
  Grinder (D:5)
  A spriggan (D:7)
  Eustachio (D:5)
  Edmund (D:5)
  An ice beast (D:7)
  An ogre (D:7)
  4 bullfrogs
  4 killer bees (D:8)
  A howler monkey (D:6)
  4 crimson imps
  2 jellies
  A hound (D:6)
  An orc wizard (D:7)
  An iguana (D:5)
  2 worker ants
  2 gnolls (D:3)
  5 adders
  A shadow imp (D:8)
  A worm (D:3)
  A leopard gecko (D:5)
  8 orcs
  A giant cockroach (D:6)
  A hobgoblin (D:1)
  4 jackals (D:6)
  3 bats
  A frilled lizard (D:2)
  A kobold (D:2)
  A leopard gecko zombie (D:8)
58 creatures vanquished.

Vanquished Creatures (others)
  A withered plant (D:8)
1 creature vanquished.

Grand Total: 104 creatures vanquished

Notes
Turn   | Place    | Note
-------+----------+-------------------------------------------
     0 | D:1      | vatarom the Merfolk Summoner began the quest for the Orb.
     0 | D:1      | Reached XP level 1. HP: 13/13 MP: 3/3
   677 | D:1      | Reached XP level 2. HP: 17/19 MP: 1/5
  1108 | D:2      | Learned a level 2 spell: Call Imp
  1295 | D:2      | Found a blossoming altar of Fedhas.
  1323 | D:2      | Reached XP level 3. HP: 21/25 MP: 3/6
  1349 | D:2      | Learned a level 3 spell: Call Canine Familiar
  1758 | D:3      | Reached skill level 1 in Fighting
  1765 | D:3      | Reached XP level 4. HP: 17/32 MP: 2/8
  1864 | D:3      | Reached skill level 5 in Summonings
  1948 | D:3      | You fall through a shaft for 3 floors!
  2024 | D:5      | Entered Level 5 of the Dungeon
  2038 | D:5      | Found Hetrudil's Magic Scroll Shop.
  2058 | D:4      | Noticed Enish's ghost (amateur HuWn)
  2103 | D:5      | Reached XP level 5. HP: 26/38 MP: 2/9
  2455 | D:5      | Learned a level 4 spell: Summon Ice Beast
  2618 | D:5      | Noticed Eustachio
  2628 | D:5      | Killed Eustachio
  2710 | D:5      | Noticed Ijyb
  2729 | D:5      | Killed Ijyb
  2729 | D:5      | Reached XP level 6. HP: 46/46 MP: 7/10
  2743 | D:5      | Noticed Grinder
  2771 | D:5      | Paralysed by Grinder for 5 turns
  2779 | D:5      | Killed Grinder
  2779 | D:5      | Reached skill level 6 in Summonings
  2941 | D:5      | Found a stormy altar of Qazlal.
  3041 | D:5      | Noticed Edmund
  3120 | D:5      | Killed Edmund
  3266 | D:6      | Reached XP level 7. HP: 51/51 MP: 8/12
  3299 | D:6      | Reached skill level 1 in Ice Magic
  3628 | D:6      | Found a shattered altar of Ashenzari.
  4310 | D:6      | Became a worshipper of Ashenzari the Shackled
  4393 | D:6      | Reached skill level 7 in Summonings
  4455 | D:6      | Learned a level 4 spell: Summon Lightning Spire
  4471 | D:6      | Found a shimmering altar of Xom.
  4904 | D:7      | Found a radiant altar of Vehumet.
  5001 | D:7      | Found a shadowy altar of Dithmenos.
  5035 | D:7      | Reached XP level 8. HP: 39/57 MP: 10/14
  5197 | D:7      | Identified a scroll of acquirement
  5396 | D:7      | Found a runed door.
  5416 | D:7      | Found a runed door.
  5416 | D:7      | Noticed an orange crystal statue
  5443 | D:7      | Noticed a spriggan baker
  5450 | D:7      | Killed a spriggan baker
  5516 | D:7      | Noticed Chisa's ghost (novice DsHu)
  5556 | D:7      | Killed Chisa's ghost
  5556 | D:7      | Reached skill level 5 in Spellcasting
  5556 | D:7      | Reached skill level 8 in Summonings
  5556 | D:7      | Reached skill level 1 in Air Magic
  5733 | D:7      | Reached skill level 1 in Polearms
  5763 | D:7      | Reached * piety under Ashenzari
  6333 | D:8      | Noticed a two-headed ogre
  6348 | D:8      | Killed a two-headed ogre
  6348 | D:8      | Reached skill level 9 in Summonings
  6348 | D:8      | Reached XP level 9. HP: 33/62 MP: 6/17
  6565 | D:8      | Noticed a hellwing
  6566 | D:8      | Noticed a hellwing
  6590 | D:8      | HP: 3/62 [meliai zombie (5)]
  6591 | D:8      | Slain by a meliai zombie

Skill      XL: |  1  2  3  4  5  6  7  8 |
---------------+-------------------------+-----
Fighting       | 1 2 |  2.9
Summonings     | 5 6 7 9 |  9.2
Spellcasting   | 3 4 5 |  5.7
Ice Magic      | 2 |  2.8
Air Magic      | 1 |  1.7
Polearms       | 4 |  4.1
Dodging        | |  2.6
Stealth        | |  2.1

Action                   |  1- 3 |  4- 6 |  7- 9 || total
-------------------------+-------+-------+-------++-------
Melee: Unarmed           |    16 |       |       ||    16
       Mace              |    42 |    55 |    64 ||   161
       Tailslap          |       |       |     4 ||     4
       Halberd           |       |       |     2 ||     2
       Bardiche          |       |       |    18 ||    18
 Cast: Summon Small Mamm |    11 |     1 |       ||    12
       Call Imp          |     8 |    18 |     8 ||    34
       Call Canine Famil |     2 |    11 |    20 ||    33
       Summon Ice Beast  |       |       |    26 ||    26
       Summon Lightning  |       |       |     2 ||     2
Invok: Curse Item        |       |       |     1 ||     1
  Use: Scroll            |     6 |     4 |     9 ||    19
       Potion            |     2 |     2 |     2 ||     6
 Stab: Distracted        |     1 |       |       ||     1
       Sleeping          |     3 |     3 |     6 ||    12
  Eat: Chunk             |     3 |     7 |     8 ||    18
       Meat ration       |       |       |     2 ||     2
Armor: Robe              |    12 |    28 |    10 ||    50
       Leather armour    |       |    12 |    19 ||    31
Dodge: Dodged            |    46 |    56 |    99 ||   201
